Map: Frost LE (Void)

Players

Stephano - Winner!

  • Race: Zerg Zerg
  • Spawn Location: 5:00

Mvp

  • Race: Terran Terran
  • Spawn Location: 7:00

Event: Gamers8 2023

VOD

Have the link to the VOD?

Description

Time

  • Played on: Aug. 5, 2023, 8:07 a.m.
  • Length: 6:30

All games in this series

Show
View Real Time Build Order
Export as new Build Order

Stephano Zerg - Winner!

Build Orders: Hatch First 

Get SALT Encoding   

  12  0:00  Drone  
  13  0:12  Overlord  
  13  0:17  Drone  
  14  0:30  Drone x2  
  16  0:49  Hatchery  
  15  0:52  Drone  
  15  0:55  Drone  
  17  0:58  Drone  
  18  1:08  Extractor  
  17  1:14  Spawning Pool  
  17  1:17  Drone  
  17  1:20  Drone  
  18  1:28  Drone  
  19  1:38  Drone  
  20  1:49  Drone  
  21  2:01  Queen x2  
  21  2:02  Zergling x4  
  27  2:11  Overlord  
  27  2:15  Drone  
  28  2:23  Hatchery  
  28  2:27  Drone  
  28  2:30  Drone  
  28  2:35  Drone x2  
  31  2:40  Queen  
  33  2:48  Metabolic Boost  
  33  2:55  Drone  
  33  2:57  Drone x2  
  36  3:02  Overlord  
  36  3:16  Overlord  
  36  3:21  Drone x5  
  36  3:22  Queen  
  42  3:29  Drone  
  42  3:34  Overlord  
  43  3:38  Extractor  
  43  3:39  Queen  
  44  3:43  Drone x2  
  44  3:44  Drone  
  47  3:55  Drone x2  
  49  3:56  Zergling x8  
  49  3:59  Drone  
  49  4:00  Drone x2  
  49  4:01  Drone  
  57  4:07  Lair  
  56  4:13  Extractor  
  56  4:15  Roach Warren  
  56  4:16  Drone x2  
  56  4:17  Drone  
  57  4:18  Drone x2  
  59  4:25  Overlord  
  59  4:26  Drone x3  
  59  4:30  Extractor  
  61  4:36  Overlord  
  61  4:43  Drone x4  
  66  4:51  Drone x3  
  69  4:53  Extractor  
  69  4:56  Overlord  
  68  5:02  Overlord  
  68  5:08  Nydus Network  
  68  5:10  Roach x7  
  68  5:13  Queen  
  83  5:17  Overlord  
  83  5:19  Overseer  
  83  5:20  Overlord  
  83  5:27  Roach x6  
  95  5:29  Roach  
  97  5:49  Nydus Canal  
  97  5:50  Roach x8  
  111  5:59  Roach x2  
  110  6:06  Nydus Canal  
  110  6:08  Roach x2  
Show
View Real Time Build Order
Export as new Build Order

Mvp Terran 

Build Orders: 2 Factory, Reaper Expand 

Get SALT Encoding   

  12  0:00  SCV  
  13  0:12  SCV  
  14  0:17  Supply Depot  
  14  0:24  SCV  
  15  0:38  SCV  
  15  0:40  Barracks  
  16  0:44  Refinery  
  16  0:50  SCV  
  17  1:03  SCV  
  18  1:15  SCV  
  19  1:27  Orbital Command  
  19  1:28  Reaper  
  20  1:40  Command Center  
  20  1:52  Supply Depot  
  20  1:53  SCV  
  21  2:00  Marine  
  22  2:06  SCV  
  23  2:14  Factory  
  23  2:19  SCV  
  23  2:22  Barracks Reactor  
  24  2:31  SCV  
  25  2:41  Command Center  
  25  2:48  SCV  
  26  2:53  Refinery  
  26  2:54  Orbital Command  
  26  3:09  SCV  
  27  3:16  Hellion x2  
  31  3:21  SCV  
  31  3:23  Factory  
  32  3:30  Barracks Tech Lab  
  32  3:36  SCV  
  32  3:37  SCV  
  34  3:41  Supply Depot  
  34  3:42  Hellion x2  
  38  3:48  SCV  
  38  3:49  SCV  
  38  3:54  Orbital Command  
  40  4:01  Barracks Tech Lab  
  40  4:02  SCV x2  
  41  4:13  Hellion  
  41  4:14  Hellion, Infernal Pre-Igniter  
  41  4:16  Hellion  
  47  4:17  SCV x2  
  47  4:21  Orbital Command, Supply Depot  
  49  4:31  Factory  
  49  4:32  Supply Depot  
  49  4:34  SCV x2  
  51  4:42  Hellion x2  
  51  4:44  Hellion  
  57  4:46  SCV x2  
  57  4:51  Supply Depot  
  59  4:53  SCV  
  59  4:56  Armory  
  59  4:58  SCV  
  59  4:59  SCV  
  62  5:05  Refinery x2, SCV  
  63  5:10  Hellion, SCV  
  63  5:11  Hellion, SCV  
  63  5:14  Hellion  
  71  5:17  Hellion  
  71  5:19  Supply Depot  
  73  5:24  SCV x3  
  75  5:33  Supply Depot  
  75  5:34  Supply Depot  
  75  5:36  Hellion x2  
  75  5:39  Hellion  
  83  5:49  SCV x2  
  86  5:50  SCV  
  86  5:54  Refinery x2, Supply Depot  
Tags
 
Add a new tag
Caveats
  • Supply blocks, unpowered buildings, or Contaminate may cause inaccurate times.
  • Supply counts are checked every 10 seconds.